 Dungeon Crawl Stone Soup version 0.24.0-37-gcf1ca852f1 (webtiles) character file.

Game seed: 14208811302025057587, levelgen mode: deterministic

85 Mrkan the Covered (level 4, -6/40 HPs)
             Began as a Minotaur Fighter on Nov 26, 2019.
             Was an Initiate of Dithmenos.
             Mangled by Sigmund
             ... wielding a cursed -2 scythe
              (7 damage)
             ... on level 3 of the Dungeon.
             The game lasted 00:03:03 (1605 turns).

Mrkan the Covered (Minotaur Fighter)                Turns: 1605, Time: 00:03:03

Health: -6/40      AC:  7    Str: 21    XL:     4   Next: 25%
Magic:  3/3        EV:  7    Int:  6    God:    Dithmenos [......]
Gold:   88         SH:  9    Dex:  9    Spells: 3/3 levels left

rFire    . . .     SeeInvis .   a - +0 war axe
rCold    . . .     Gourm    .   c - +0 shield
rNeg     . . .     Faith    .   b - +0 scale mail
rPois    .         Spirit   .   (helmet restricted)
rElec    .         Reflect  .   (no cloak)
rCorr    .         Harm     .   (no gloves)
MR       .....                  (no boots)
Stlth    ..........             (no amulet)
HPRegen  0.13/turn              (no ring)
MPRegen  0.08/turn              (no ring)

@: no status effects
A: retaliatory headbutt, horns 2
a: Renounce Religion


You were on level 3 of the Dungeon.
You worshipped Dithmenos.
Dithmenos was noncommittal.
You were not hungry.

You visited 1 branch of the dungeon, and saw 3 of its levels.

You collected 88 gold pieces.

Inventory:

Hand Weapons
 a - a +0 war axe (weapon)
Armour
 b - a +0 scale mail (worn)
 c - a +0 shield (worn)
Jewellery
 p - an uncursed ring of protection from cold {unknown}
Scrolls
 g - a scroll of magic mapping {unknown}
 i - a scroll of blinking {unknown}
 j - 2 scrolls of identify {unknown}
 l - a scroll of enchant armour {unknown}
 n - a scroll of remove curse {unknown}
Potions
 d - a potion of might
 e - a potion of curing
 h - 2 potions of agility {unknown}
 k - a potion of brilliance {unknown}
 m - a potion of heal wounds {unknown}
Comestibles
 f - 4 rations
 o - 3 chunks of flesh


   Skills:
 + Level 4.2 Fighting
 * Level 4.0 Axes
 + Level 4.2 Armour
 + Level 4.2 Shields


You had 3 spell levels left.
You didn't know any spells.
Your spell library was empty.

Dungeon Overview and Level Annotations

Branches:
Dungeon (3/15)

Altars:
Dithmenos

Annotations:
D:3 Sigmund


Innate Abilities, Weirdness & Mutations

You reflexively headbutt those who attack you in melee.
You have a pair of horns on your head.


Message History

A magic dart appears from out of thin air!
The magic dart hits you. Something hits you but does no damage.
You bump into the rock wall.
Something hits you. Something hits you.
* * * LOW HITPOINT WARNING * * *
You feel less confused. Something hits you but does no damage.
You barely miss something. You block something's attack.
Some of the chunks of flesh in your inventory have rotted away.
You completely miss something. Your headbutt misses something.
Something hits you.
* * * LOW HITPOINT WARNING * * *
Your shield and scale mail prevent you from hitting something.
Something hits you.
* * * LOW HITPOINT WARNING * * *
You closely miss something. Your headbutt misses something. Something hits you.
* * * LOW HITPOINT WARNING * * *
You miss something. Something hits you!
You die...

.. ....## # . ..
..#... . ..
.##.#.##.# ..
......#.# ## #.
#.......###
#...##.##รท#...#
..
#.#.......##.##.#
#.#######.).....#
##..@.....###...##
#.#.{.####.#....#
..#####....#
##.#...#
#..........#
#..#...#
..#######.##
#.##...# #.#
#.##..... #.#
#.##.###.# ..#
#.##.# ... ### #<#
.# #.


There were no monsters in sight!

Vanquished Creatures
  2 adders (D:2)
  2 oozes (D:1)
  A dart slug (D:3)
  2 worms (D:2)
  2 leopard geckos
  3 giant cockroaches
  7 goblins
  12 hobgoblins
  3 kobolds (D:1)
  A ball python (D:3)
  4 bats (D:2)
  4 frilled lizards
  3 rats
46 creatures vanquished.

Notes
Turn   | Place    | Note
-------+----------+-------------------------------------------
     0 | D:1      | Mrkan the Minotaur Fighter began the quest for the Orb.
     0 | D:1      | Reached XP level 1. HP: 19/19 MP: 0/0
    43 | D:1      | Reached XP level 2. HP: 27/27 MP: 1/1
   421 | D:1      | Reached XP level 3. HP: 33/33 MP: 2/2
  1372 | D:2      | Found a shadowy altar of Dithmenos.
  1394 | D:2      | Reached XP level 4. HP: 38/40 MP: 3/3
  1529 | D:2      | Became a worshipper of Dithmenos the Shadowed
  1566 | D:3      | Noticed Sigmund
  1604 | D:3      | HP: 1/40 [something (4)]
  1605 | D:3      | Mangled by Sigmund

Levels and vault maps discovered:
D:1:      erik_arrival_gehennom, layout_basic
D:2:      layout_loops_ring, nicolae_dithmenos_shadow_blocks
D:3:      layout_loops_ring, first_ration, hangedman_decor_clover_reticule,
          nicolae_ru_great_annihilating_truth, uniq_sigmund

Skill      XL: |  1  2  3  4 |
---------------+-------------+-----
Axes           | 3 4 |  4.0
Armour         | 4 |  4.2
Shields        | 4 |  4.2
Fighting       | 4 |  4.2

Action                   |  1- 3 |  4- 6 || total
-------------------------+-------+-------++-------
Melee: War axe           |    91 |    30 ||   121
       Headbutt          |    17 |     4 ||    21
  Eat: Chunk             |     2 |       ||     2
Armor: Scale mail        |    40 |     8 ||    48
Dodge: Dodged            |    29 |     8 ||    37
Block: Shield            |    59 |     9 ||    68
